 Dungeon Crawl Stone Soup version 0.24-a0-317-g5cb8de4 (webtiles) character file.

Game seed: 5744567668111309378

611 Borgoz the Slasher (level 7, 0/90 HPs)
             Began as a Hill Orc Gladiator on May 16, 2019.
             Was an Initiate of Ashenzari.
             Killed from afar by Ijyb (6 damage)
             ... with a bolt of acid
             ... on level 4 of the Dungeon.
             The game lasted 00:09:12 (4415 turns).

Borgoz the Slasher (Hill Orc Gladiator)             Turns: 4415, Time: 00:09:13

Health: 0/90       AC: 23    Str: 17    XL:     7   Next: 43%
Magic:  7/7        EV:  2    Int:  8    God:    Ashenzari [......]
Gold:   182        SH:  0    Dex: 14    Spells: 6/6 levels left

rFire    . . .     SeeInvis .   a - +1 long sword
rCold    . . .     Gourm    .   (no shield)
rNeg     + + +     Faith    .   (armour currently unavailable)
rPois    +         Spirit   .   (helmet currently unavailable)
rElec    .         Reflect  .   (cloak currently unavailable)
rCorr    .         Harm     .   (gloves currently unavailable)
MR       .....     NoTele   +   (boots currently unavailable)
Stlth    +.........             (no amulet)
HPRegen  0.25/turn              j - ring of wizardry
MPRegen  0.10/turn              (no ring)

@: tree-form, very slightly contaminated, invisible
A: no striking features
a: Curse Item, Renounce Religion


You were on level 4 of the Dungeon.
You worshipped Ashenzari.
Ashenzari was noncommittal.
You were not hungry.
You were a tree.
You visited 2 branches of the dungeon, and saw 5 of its levels.

You collected 182 gold pieces.

Inventory:

Hand Weapons
 a - a +1 long sword (weapon)
Missiles
 d - a throwing net (quivered)
Armour
 c - a +0 helmet (melded)
 k - a +1 leather armour of cold resistance
 n - a +0 cloak (melded)
 t - a +0 scale mail (melded)
Jewellery
 b - an uncursed ring of fire
 j - a ring of wizardry (left branch)
Wands
 s - a wand of iceblast (9)
Scrolls
 e - 5 scrolls of teleportation
 l - 4 scrolls of remove curse
 o - a scroll of magic mapping {unknown}
Potions
 q - a potion of curing
Comestibles
 f - 7 rations
 h - 4 chunks of flesh


   Skills:
 + Level 4.6 Fighting
 * Level 6.2 Long Blades
 - Level 1.7 Throwing
 * Level 3.6 Armour
 * Level 3.8 Dodging


You had 6 spell levels left.
You didn't know any spells.
Your spell library was empty.

Dungeon Overview and Level Annotations

Branches:
Dungeon (4/15)             Temple (1/1) D:4

Altars:
Ashenzari
Cheibriados
Dithmenos
Elyvilon
Fedhas
Gozag
Nemelex Xobeh
Okawaru
Qazlal
Ru
Sif Muna
Trog
Uskayaw
Vehumet
Xom
Yredelemnul
Zin
The Shining One

Annotations:
D:4 Dowan, Duvessa, Ijyb


Message History

Ijyb screams, "Die!"
Ijyb zaps a wand.
The bolt of acid hits you!!
* * * LOW HITPOINT WARNING * * *
You are splashed with acid!
* * * LOW HITPOINT WARNING * * *
You slash Ijyb!
Ijyb is almost dead.
Ijyb hits you but does no damage.
You feel better. Ijyb hits you but does no damage.
You fade into invisibility!
Ijyb zaps a wand.
The bolt of acid hits you but does no damage.
You are splashed with acid!
* * * LOW HITPOINT WARNING * * *
You are very lightly contaminated with residual magic.
You barely miss Ijyb.
Ijyb is almost dead.
Ijyb screams, "You nasty!
Big nasty!"
Ijyb zaps a wand.
The bolt of acid hits you.
You die...

...+........................#..#
...# ..........###+#####....#..#
(### ####.##..# #....'..#
.####.## #. ##+# ###'##..#
(....... . #... #...##..#
.....>.. #..#########...#...#
)....... #..##.....##...#...#
........ #...#.....##...##..#
........ #..g♣.....##...##..#
.##.#### #..##.....##....#..# .#
.# #..##.....##....'..# .. .+
#......#...).##..)##).# ..
+......#...))##...##..# ...
#.....##.....#........#
#.....##.....'........#
#.....##.....##...##..#
......##.....##...##..#


You could see Ijyb.

Vanquished Creatures
  Purgy (D:4)
  A centaur (D:4)
  2 orc priests (D:3)
  A centaur skeleton (D:3)
  A hound (D:4)
  An orc wizard (D:4)
  Natasha (D:4)
  A hound skeleton (D:4)
  Robin (D:2)
  4 gnolls (D:4)
  6 adders
  An ooze (D:3)
  3 worms (D:2)
  A dart slug (D:1)
  6 leopard geckos
  17 orcs
  3 giant cockroaches
  9 hobgoblins
  7 jackals
  14 kobolds
  2 quokkas
  A ball python (D:3)
  8 bats
  5 frilled lizards
  17 goblins
  9 rats
123 creatures vanquished.

Notes
Turn   | Place    | Note
-------+----------+-------------------------------------------
     0 | D:1      | Borgoz the Hill Orc Gladiator began the quest for the Orb.
     0 | D:1      | Reached XP level 1. HP: 18/18 MP: 1/1
   253 | D:1      | Reached XP level 2. HP: 24/25 MP: 2/2
   566 | D:1      | You fall through a shaft!
   656 | D:2      | Reached skill level 1 in Armour
   661 | D:2      | Reached XP level 3. HP: 29/30 MP: 3/3
   713 | D:2      | Reached skill level 4 in Long Blades
   736 | D:2      | Reached XP level 4. HP: 18/38 MP: 4/4
  1450 | D:2      | Noticed Robin
  1481 | D:2      | Killed Robin
  1761 | D:2      | Reached XP level 5. HP: 45/45 MP: 5/5
  2605 | D:3      | Reached skill level 5 in Long Blades
  3073 | D:3      | Reached XP level 6. HP: 27/52 MP: 6/6
  3345 | D:4      | Noticed Duvessa
  3345 | D:4      | Noticed Dowan
  3390 | D:4      | Found a staircase to the Ecumenical Temple.
  3397 | Temple   | Entered the Ecumenical Temple
  3448 | Temple   | Became a worshipper of Ashenzari the Shackled
  3931 | D:4      | Noticed Natasha
  3951 | D:4      | Killed Natasha
  3951 | D:4      | Reached XP level 7. HP: 38/59 MP: 7/7
  4112 | D:4      | Reached skill level 6 in Long Blades
  4387 | D:4      | Noticed Purgy
  4387 | D:4      | Noticed Ijyb
  4401 | D:4      | Killed Purgy
  4415 | D:4      | Killed from afar by Ijyb

Levels and vault maps discovered:
D:1:      minmay_arrival_split_and_join, layout_basic
D:2:      layout_rooms, uniq_robin
D:3:      layout_basic, kennysheep_potato
D:4:      cheibrodos_helix_gallery, layout_gridville, minmay_temple_entry_grid,
          minmay_misc_feat_four_crosses, uniq_duvessa, uniq_natasha, uniq_ijyb,
          uniq_purgy
Temple:   eino_narrow_crystal_temple

Skill      XL: |  1  2  3  4  5  6  7 |
---------------+----------------------+-----
Armour         | 1 2 3 |  3.6
Fighting       | 3 4 |  4.6
Long Blades    | 4 5 6 |  6.2
Dodging        | 3 |  3.8
Throwing       | |  1.7

Action                   |  1- 3 |  4- 6 |  7- 9 || total
-------------------------+-------+-------+-------++-------
Melee: Long sword        |    85 |   249 |    54 ||   388
Throw: Throwing net      |     2 |     1 |     1 ||     4
  Use: Scroll            |     3 |     5 |       ||     8
       Potion            |     1 |     4 |     4 ||     9
 Stab: Held in net/web   |     1 |     1 |       ||     2
       Sleeping          |       |     1 |       ||     1
  Eat: Chunk             |       |    10 |     2 ||    12
Armor: Leather armour    |    28 |    53 |       ||    81
       Scale mail        |       |    28 |    30 ||    58
       Skin              |       |       |     7 ||     7
Dodge: Dodged            |    84 |   175 |    33 ||   292
       Rpst.: Long sword |    22 |    43 |     6 ||    71

Table legend:
 A = Non-vault XP
 B = Vault XP
 C = Vault XP percentage of total XP
 D = Non-vault monster count
 E = Vault monster count
 F = Vault count percentage of total count
                 A         B        C        D         E       F
            +---------+---------+-------+---------+---------+-------
      Total |     651 |     222 |  25.4 |     107 |      16 |  13.0
            +---------+---------+-------+---------+---------+-------
        D:1 |      28 |       0 |   0.0 |      17 |       0 |   0.0
        D:2 |     108 |      37 |  25.5 |      30 |      12 |  28.6
        D:3 |     234 |      15 |   6.0 |      47 |       2 |   4.1
        D:4 |     281 |     170 |  37.7 |      13 |       2 |  13.3
            +---------+---------+-------+---------+---------+-------
